 Dungeon Crawl Stone Soup version 0.31-a0-105-gc0b45f0da6 (webtiles) character file.

Game seed: 10439462144732981810

1228 ReamesTipperQuirk the Trooper (level 8, -2/63 HPs)
             Began as a Human Cinder Acolyte on May 27, 2023.
             Was a High Priest of Ignis.
             Slain by a two-headed ogre
             ... wielding a +0 giant club
              (30 damage)
             ... on level 6 of the Dungeon.
             The game lasted 00:25:14 (7315 turns).

ReamesTipperQuirk the Trooper (HuCA)                Turns: 7315, Time: 00:25:14

Health: -2/63      AC:  8    Str: 16    XL:     8   Next: 76%
Magic:  7/14       EV: 11    Int: 16    God:    Ignis [*****.]
Gold:   139        SH:  0    Dex:  8    Spells: 13/15 levels left

rFire   + . .        a - -1 hand axe (flame)
rCold   . . .        (no shield)
rNeg    . . .        x - +2 robe {Will+}
rPois   .            D - +0 helmet
rElec   .            f - +1 cloak
rCorr   .            (no gloves)
SInv    .            F - +0 pair of boots
Will    +....        (no amulet)
Stlth   +            (no ring)
HPRegen 0.30/turn    (no ring)
MPRegen 0.14/turn

%: no passive effects
@: no status effects
A: no striking features
a: Renounce Religion, Fiery Armour, Foxfire Swarm, Rising Flame


You were on level 6 of the Dungeon.
You worshipped Ignis.
Ignis was extremely pleased with you.
You visited 2 branches of the dungeon, and saw 7 of its levels.

You collected 255 gold pieces.
You spent 116 gold pieces at shops.

Inventory:

Hand Weapons
 a - a -1 hand axe of flaming (weapon)
 s - a +1 dagger of venom
 y - a +4 dagger
 z - a +1 short sword of holy wrath
 A - a +2 flail of protection
 B - a +6 long sword
Missiles
 j - 28 stones
 u - 6 atropa-tipped darts
 w - 10 poisoned darts (quivered)
Armour
 f - a +1 cloak (worn)
 r - a +0 leather armour
 t - a +0 ring mail
 x - a +2 robe of willpower (worn)
 D - a +0 helmet (worn)
 F - a +0 pair of boots (worn)
Magical Staves
 h - a staff of earth
Jewellery
 q - a ring of positive energy
Wands
 b - a wand of flame (17)
 d - a wand of charming (6)
Scrolls
 c - a scroll of vulnerability {unknown}
 i - a scroll of immolation
 n - a scroll of teleportation
 p - a scroll of noise
Potions
 e - 2 potions of enlightenment
 g - 2 potions of heal wounds
 k - a potion of cancellation {unknown}
 l - 2 potions of lignification
 m - 3 potions of curing
 o - 2 potions of haste {unknown}
 v - a potion of mutation {unknown}
 C - a potion of might {unknown}
 E - a potion of berserk rage {unknown}


   Skills:
 + Level 5.5 Fighting
 + Level 5.4 Axes
 + Level 3.3 Armour
 + Level 4.1 Spellcasting
 + Level 5.4 Fire Magic


You had 13 spell levels left.
You knew the following spells:

 Your Spells              Type           Power      Damage    Failure   Level
a - Scorch                Fire           40%        2d7       2%          2

Your spell library contained the following spells:

 Spells                   Type           Power      Damage    Failure   Level
 Necrotise                Necr           12%        1d4       17%         1
 Inner Flame              Hex/Fire       10%        N/A       21%         3
 Ignite Poison            Fire/Tmut/Pois 6%         N/A       30%         3
 Cigotuvi's Dreadful Rot  Necr/Pois/Air  2%         N/A       32%         2
 Gell's Gravitas          Tloc           3%         N/A       45%         3
 Teleport Other           Tloc           3%         N/A       45%         3
 Vampiric Draining        Necr           3%         2d6       45%         3
 Flame Wave               Conj/Fire      10%        2d6       54%         4
 Sticky Flame             Conj/Fire      10%        2d3       54%         4
 Agony                    Necr           3%         N/A       99%         5
 Freezing Cloud           Conj/Ice/Air   0%         6-21      99%         5
 Dispersal                Tloc           1%         N/A       100%        6


Dungeon Overview and Level Annotations

Branches:
Dungeon (6/15)             Temple (1/1) D:5

Altars:
Ashenzari
Cheibriados
Elyvilon
Fedhas
Gozag
Hepliaklqana
Makhleb
Okawaru
Ru
Sif Muna
Trog
Wu Jian
Yredelemnul
Zin
The Shining One

Shops:
D:2 (   D:3 *   D:6 =

Annotations:
D:4 3 runed translucent doors, tish's ghost, amateur DECj


Message History

The two-headed ogre completely misses you.
The two-headed ogre is no longer more vulnerable to fire.
Okay, then.
Casting: Scorch (safe; 2% risk of failure)
Confirm with . or Enter, or press ? or * to list all spells.
Okay, then.
Casting: Scorch (safe; 2% risk of failure)
Confirm with . or Enter, or press ? or * to list all spells.
Okay, then.
Activating: Foxfire Swarm
Press: ? - help, Dir - look around, f - activate Flames leap up around you!
The two-headed ogre hits you with a +0 giant club. x2
Your foxfire dissipates!
The foxfire hits the two-headed ogre.
The two-headed ogre is lightly wounded.
The foxfire hits the two-headed ogre.
The two-headed ogre is lightly wounded.
The foxfire hits the two-headed ogre.
The two-headed ogre is moderately wounded.
Casting: Scorch (safe; 2% risk of failure)
Confirm with . or Enter, or press ? or * to list all spells.
Flames lash the two-headed ogre.
The two-headed ogre is moderately wounded.
The two-headed ogre's fire resistance burns away.
Unknown command.
Your foxfire dissipates!
Casting: Scorch (safe; 2% risk of failure)
Confirm with . or Enter, or press ? or * to list all spells.
Flames lash the two-headed ogre.
The two-headed ogre is burned terribly!
The two-headed ogre is heavily wounded.
The two-headed ogre hits you with a +0 giant club.
The two-headed ogre hits you with a +0 giant club!
Unknown command.
Casting: Scorch (safe; 2% risk of failure)
Confirm with . or Enter, or press ? or * to list all spells.
Flames lash the two-headed ogre.
The two-headed ogre is burned terribly!
The two-headed ogre is heavily wounded.
The two-headed ogre hits you with a +0 giant club!!
You die...

.## #.# ..# #.# ..# #.# #.#
#≈### ##### .. #.# #.# #≈.~##
#...# #..# #.###.# #≈...##
#.#.# .~.. #.##v.# #≈.~..##
#.#.# ..~#.
##....####≈....>###.#.#
.....###.......O.≈~.##..#....#
.....#..#######@≈.##......###
#....# #.......#.##.#
#....######.###.....##.#
##..>##......<....####.#
#...........#######.# #.#
....#.∩.....### #.# #.## ###
#(....#.# #... #..###
......#.# ###...#...# .....(.#
. ###.#...###


You could see a two-headed ogre (combustible).

Vanquished Creatures
  An ice beast (D:5)
  A black bear (D:5)
  An ogre (D:4)
  A phantom (D:4)
  A bullfrog (D:6)
  A scorpion (D:4)
  3 wights
  A howler monkey (D:5)
  A jelly (D:4)
  3 orc priests
  2 hounds (D:5)
  Jessica (D:3)
  Ijyb (D:3)
  A sleepcap (D:5)
  Natasha (thrice) (D:2)
  2 orc wizards (D:5)
  4 gnolls
  6 adders
  A shadow imp (D:4)
  2 worms
  5 dart slugs
  15 orcs
  2 bats (D:2)
  3 endoplasms
  5 goblins
  6 hobgoblins
  4 jackals (D:3)
  4 kobolds
  A quokka (D:4)
  6 ball pythons
  2 frilled lizards (D:1)
  2 rats
92 creatures vanquished.

Vanquished Creatures (others)
  3 foxfires (D:6)
3 creatures vanquished.

Grand Total: 95 creatures vanquished

Notes
Turn   | Place    | Note
-------+----------+-------------------------------------------
     0 | D:1      | ReamesTipperQuirk the Human Cinder Acolyte began the quest
                  | for the Orb.
     0 | D:1      | Reached XP level 1. HP: 18/18 MP: 2/2
   202 | D:1      | Reached XP level 2. HP: 13/24 MP: 3/3
   249 | D:1      | Learned a level 2 spell: Scorch
  1128 | D:2      | Reached XP level 3. HP: 29/29 MP: 5/5
  1208 | D:2      | Found Zetyteip's Weapon Shoppe.
  1318 | D:2      | Noticed Natasha
  1321 | D:2      | Killed Natasha
  1322 | D:2      | Reached XP level 4. HP: 35/35 MP: 1/6
  1429 | D:2      | Noticed Natasha
  1433 | D:2      | Killed Natasha
  1570 | D:2      | Noticed Natasha
  1574 | D:2      | Killed Natasha
  1575 | D:2      | Reached XP level 5. HP: 42/42 MP: 2/8
  1904 | D:3      | Noticed Jessica
  1913 | D:3      | Killed Jessica
  2098 | D:3      | Noticed Ijyb
  2163 | D:3      | Killed Ijyb
  2777 | D:3      | Found a faded altar of an unknown god.
  2804 | D:3      | Reached XP level 6. HP: 44/48 MP: 9/9
  3233 | D:3      | Found Qomugh's Assorted Antiques.
  3241 | D:3      | Bought a scroll labelled XUEBYCS ZIUGOBB for 29 gold pieces
  3241 | D:3      | Bought a scroll labelled WIUHURR BESOR for 29 gold pieces
  3241 | D:3      | Bought a scroll labelled BAGREL URAISU for 29 gold pieces
  3241 | D:3      | Bought a scroll labelled YLUUDU QIACUOR for 29 gold pieces
  3980 | D:4      | Reached skill level 1 in Armour
  4055 | D:4      | Reached XP level 7. HP: 32/55 MP: 3/11
  4201 | D:4      | Found a runed translucent gate.
  4201 | D:4      | Found a runed translucent gate.
  4201 | D:4      | Found a runed translucent gate.
  4201 | D:4      | Noticed tish's ghost (amateur DECj)
  4309 | D:4      | Found an opulent altar of Gozag.
  5243 | D:5      | Entered Level 5 of the Dungeon
  5786 | D:5      | Reached XP level 8. HP: 58/61 MP: 6/13
  5834 | D:5      | Reached skill level 5 in Fighting
  5834 | D:5      | Reached skill level 5 in Axes
  5834 | D:5      | Reached skill level 5 in Fire Magic
  6429 | D:5      | Found a burning altar of Makhleb.
  6663 | D:5      | Found a staircase to the Ecumenical Temple.
  6670 | Temple   | Entered the Ecumenical Temple
  7291 | D:6      | Found Ygoxo's Jewellery Emporium.
  7296 | D:6      | Noticed a two-headed ogre
  7315 | D:6      | Slain by a two-headed ogre

Illustrated notes

Levels and vault maps discovered:
D:1:      minmay_arrival_stair_chambers, layout_loops_ring
D:2:      layout_loops_ring, serial_shops, shop, uniq_natasha
D:3:      layout_basic, serial_shops, shop_fountains,
          chequers_ecumenical_altar_lobes, uniq_jessica, uniq_ijyb
D:4:      layout_loops_ring, mainiacjoe_overflow_cross_hatched,
          ebering_ghost_rock_garden
D:5:      layout_loops_cross, bloody_makhleb, minmay_temple_entry_trees,
          nicolae_ossuary_entry_ruins
D:6:      layout_rooms, tgw_xom, mainiacjoe_overflow_alcove_4,
          grunt_dithmenos_shadows, serial_rivers,
          chequers_serial_rivers_micro_d, chequers_serial_rivers_micro_e,
          chequers_serial_rivers_micro_e, chequers_serial_rivers_micro_d,
          chequers_serial_rivers_room_a, serial_shops, shop
Temple:   nicolae_temple_god_jail

Skill      XL: |  1  2  3  4  5  6  7  8 |
---------------+-------------------------+-----
Spellcasting   | 2 3 4 |  4.1
Fighting       | 4 5 |  5.5
Axes           | 4 5 |  5.4
Fire Magic     | 4 5 |  5.4
Armour         | 1 2 3 |  3.3

Action                     |  1- 3 |  4- 6 |  7- 9 || total
---------------------------+-------+-------+-------++-------
  Melee: Hand axe          |    47 |    75 |    29 ||   151
         Dagger            |       |     7 |       ||     7
         Punch             |       |     1 |       ||     1
  Throw: Stone             |     2 |     3 |       ||     5
         Dart              |       |    13 |    14 ||    27
   Cast: Scorch            |     7 |    44 |    76 ||   127
 Invoke: Foxfire Swarm     |       |       |     1 ||     1
    Use: Scroll            |       |    12 |     1 ||    13
         Potion            |       |     1 |       ||     1
 Armour: Robe              |    12 |    29 |    18 ||    59
  Dodge: Dodged            |    28 |    63 |    44 ||   135

Table legend: (Time is in decaauts)
 A = Elapsed time spent in this place.
 B = Non-inter-level travel time spent in this place.
 C = Inter-level travel time spent in this place.
 D = Time resting spent in this place.
 E = Time spent auto-exploring this place.
 F = Levels seen in this place.
 G = Mean time per level.
                   A        B        C        D        E       F      G
               +--------+--------+--------+--------+--------+-----+--------+
         Total |   7340 |   7067 |    273 |   3074 |   2721 |   7 | 1048.6 |
       Dungeon |   7269 |   7009 |    260 |   3074 |   2674 |   6 | 1211.5 |
        Temple |     71 |     58 |     13 |      0 |     47 |   1 |   71.0 |
               +--------+--------+--------+--------+--------+-----+--------+

Top non-repeatable levels by time:
     D:4: 2105 daAuts
     D:3: 1880 daAuts
     D:5: 1294 daAuts
     D:2: 949 daAuts
     D:1: 927 daAuts
     D:6: 112 daAuts
  Temple: 71 daAuts
